 Dungeon Crawl Stone Soup version 0.21-a0-472-g223bcb9 (webtiles) character file.

25 slep the Skirmisher (level 2, -3/24 HPs)
             Began as a Demonspawn Monk on Nov 21, 2017.
             Slain by a kobold (4 damage)
             ... on level 2 of the Dungeon.
             The game lasted 00:01:34 (692 turns).

slep the Skirmisher (Demonspawn Monk)                Turns: 692, Time: 00:01:35

Health: -3/24      AC:  3    Str: 11    XL:     2   Next: 86%
Magic:  2/2        EV: 13    Int: 11    God:
Gold:   27         SH:  4    Dex: 15    Spells: 1/1 levels left

rFire    . . .     SeeInvis .   a - +0 falchion
rCold    . . .     Gourm    .   (no shield)
rNeg     . . .     Faith    .   i - +0 leather armour
rPois    .         Spirit   .   (no helmet)
rElec    .         Reflect  .   (no cloak)
rCorr    .         Harm     .   (no gloves)
MR       .....                  (no boots)
Stlth    ++........             (no amulet)
HPRegen  0.08/turn              (no ring)
MPRegen  0.08/turn              (no ring)

@: no status effects
A: large bone plates 1
a: no special abilities


You were on level 2 of the Dungeon.
You were not hungry.

You visited 1 branch of the dungeon, and saw 2 of its levels.

You collected 27 gold pieces.

Inventory:

Hand Weapons
 a - a +0 falchion (weapon)
Armour
 b - a +0 robe
 i - a +0 leather armour (worn)
Scrolls
 d - 2 scrolls of identify {unknown}
 j - a scroll of blinking {unknown}
 k - a scroll of teleportation {unknown}
Potions
 e - a potion of ambrosia {unknown}
 g - a potion of flight {unknown}
 h - a potion of curing {unknown}
Comestibles
 c - a bread ration
 f - a royal jelly


   Skills:
 + Level 3.3 Fighting
 + Level 3.2 Long Blades
 + Level 2.9 Dodging
 + Level 1.9 Stealth


You had one spell level left.
You didn't know any spells.

Dungeon Overview and Level Annotations

Branches:
Dungeon (2/15)

Altars:


Innate Abilities, Weirdness & Mutations

You are partially covered in large bone plates. (SH +4)


Message History

The goblin is moderately wounded.
The goblin hits you with an uncursed dagger.
* * * LOW HITPOINT WARNING * * *
You barely miss the goblin.
The goblin is moderately wounded.
The goblin hits you with an uncursed dagger.
* * * LOW HITPOINT WARNING * * *
You hit the goblin.
You kill the goblin!
The kobold throws a stone.
The stone hits you but does no damage. The kobold hits you.
* * * LOW HITPOINT WARNING * * *
Found a stone staircase leading down.
Items here: ( )) † an uncursed dagger; an uncursed hunting sling; 18 stones; a goblin corpse You hit the kobold but do no damage.
The kobold barely misses you.
You hit the kobold.
The kobold is heavily wounded.
The kobold hits you.
You die...

######## #......#
#......# #......#
#......#####
##.........#
#.........# ###
###.........######...#
#..).....(.((.((@K...#
#.####......#####....#
#.####......## ....#
............... ....#
#.############# ....#
#.##....... .#..#
...+....... >....
#+##..... ###..#
.......#


You could see a kobold.

Vanquished Creatures
  An adder (D:2)
  An ooze (D:1)
  A leopard gecko (D:1)
  A giant cockroach (D:2)
  3 goblins
  2 hobgoblins (D:2)
  A bat (D:1)
  A frilled lizard (D:1)
11 creatures vanquished.

Notes
Turn   | Place    | Note
-------+----------+-------------------------------------------
     0 | D:1      | slep the Demonspawn Monk began the quest for the Orb.
     0 | D:1      | Reached XP level 1. HP: 18/18 MP: 1/1
   233 | D:1      | Gained mutation: You are partially covered in large bone plates. (SH +4) [demonic ancestry]
   233 | D:1      | Reached XP level 2. HP: 22/24 MP: 2/2
   690 | D:2      | HP: 1/24 [kobold (2)]
   692 | D:2      | Slain by a kobold

Vault maps used:
D:1:      ncdulo_watergridlock, minivault_4, dk_noncrumbling_4
D:2:      lemuel_crystal_altar

Skill      XL: |  1  2 |
---------------+-------+-----
Long Blades    | 3 |  3.2
Fighting       | |  3.3
Dodging        | |  2.9
Stealth        | |  1.9

Action                   || total
-------------------------++-------
Melee: Falchion          ||    35
 Stab: Sleeping          ||     3
Armor: Robe              ||     4
       Leather armour    ||     5
Dodge: Dodged            ||    20
Block: Other             ||     6
       Rpst.: Falchion   ||    11

Table legend:
 A = Spawn XP
 B = Non-spawn XP
 C = Spawn XP percentage of total XP
 D = Spawn monster count
 E = Non-spawn monster count
 F = Spawn count percentage of total count
 G = Total turns spent on level
                    A         B        C        D         E        F      G
               +---------+---------+-------+---------+---------+-------+---------
         Total |       0 |      37 |   0.0 |       0 |      11 |   0.0 |   692
               +---------+---------+-------+---------+---------+-------+---------
           D:1 |       0 |      14 |   0.0 |       0 |       5 |   0.0 |   564
           D:2 |       0 |      23 |   0.0 |       0 |       6 |   0.0 |   128
               +---------+---------+-------+---------+---------+-------+---------
